Map: Dusk Towers

Players

Commando - Winner!

  • Race: Terran Terran
  • League: Diamond

Kinraju

  • Race: Terran Terran
  • League: Diamond

VOD

Have the link to the VOD?

Description

Time

  • Played on: Dec. 28, 2015, 3:01 p.m.
  • Length: 41:35
Show
View Real Time Build Order
Export as new Build Order

Commando Terran - Winner!

Build Orders: Mech 

Get SALT Encoding   

  12  0:00  SCV  
  13  0:12  SCV  
  14  0:18  Supply Depot  
  14  0:25  SCV  
  15  0:39  SCV  
  15  0:40  Barracks  
  16  0:51  SCV  
  17  1:03  SCV  
  18  1:15  SCV  
  19  1:21  Command Center  
  19  1:29  Orbital Command  
  19  1:32  Marine  
  20  1:39  Supply Depot  
  20  1:50  Refinery  
  20  1:52  Refinery, Marine  
  21  1:56  SCV  
  21  2:15  SCV  
  22  2:16  Marine  
  23  2:27  SCV  
  23  2:29  Engineering Bay  
  24  2:34  Orbital Command, Marine  
  25  2:38  Factory  
  25  2:45  SCV  
  26  3:01  Barracks Reactor  
  26  3:02  SCV, Missile Turret  
  26  3:04  SCV  
  28  3:10  Missile Turret  
  28  3:12  Factory  
  28  3:17  SCV  
  28  3:18  SCV  
  30  3:28  Factory Tech Lab  
  30  3:29  Starport  
  30  3:33  SCV x2  
  32  3:41  Supply Depot  
  32  3:45  Marine x2  
  32  3:46  SCV x2  
  36  3:52  Siege Tank  
  39  3:58  SCV x2  
  41  4:10  SCV x2  
  41  4:12  Hellion x2  
  41  4:15  Viking  
  49  4:20  Barracks Reactor  
  49  4:29  SCV x2  
  51  4:33  Refinery  
  51  4:35  Siege Tank  
  54  4:44  Supply Depot x2  
  54  5:05  Command Center, SCV x2  
  54  5:06  Hellion x2  
  60  5:09  Siege Tank  
  63  5:15  Infernal Pre-Igniter  
  63  5:19  SCV x2  
  65  5:28  Hellion x2  
  68  5:40  SCV x2  
  68  5:44  Viking  
  69  5:51  Supply Depot  
  69  5:52  SCV  
  69  5:55  SCV  
  70  6:05  SCV  
  68  6:16  Supply Depot  
  68  6:17  Hellion x2, Viking, Siege Tank  
  76  6:20  Supply Depot  
  76  6:28  Refinery  
  76  6:34  Missile Turret  
  76  6:40  Factory  
  76  6:41  Hellion x2  
  76  6:42  Factory  
  76  6:47  SCV x2  
  82  6:49  Armory  
  82  6:52  Viking  
  82  6:53  Hellion  
  86  6:57  Supply Depot  
  86  6:59  SCV x2  
  86  7:00  Missile Turret  
  89  7:02  Orbital Command  
  88  7:11  SCV x2  
  90  7:22  Refinery  
  90  7:23  SCV, Hellion x2, Refinery  
  90  7:24  Factory Tech Lab  
  95  7:30  Factory Tech Lab  
  95  7:32  Supply Depot, Missile Turret  
  95  7:34  Starport  
  95  7:38  SCV x3  
  95  7:41  Medivac  
  100  7:50  SCV  
  101  7:54  SCV x2, Medivac  
  101  7:56  Terran Vehicle Weapons Level 1  
  105  8:02  SCV  
  105  8:04  Hellion  
  108  8:06  SCV  
  109  8:14  Supply Depot  
  109  8:19  Supply Depot  
  109  8:21  SCV x3, Hellion x2  
  116  8:28  Starport Tech Lab  
  116  8:29  Command Center  
  116  8:42  SCV x3  
  116  8:45  Command Center  
  119  8:54  SCV x2, Siege Tank  
  124  9:00  Widow Mine x2  
  124  9:01  Armory  
  128  9:07  SCV  
  128  9:08  SCV x2  
  131  9:12  Sensor Tower  
  131  9:19  Supply Depot  
  131  9:26  Hellion  
  131  9:40  Siege Tank x2  
  131  9:43  Hellion x2  
  131  9:53  Terran Vehicle Weapons Level 2, Terran Vehicle And Ship Armor Level 1  
  131  10:00  SCV x2  
  131  10:03  SCV  
  131  10:06  Medivac x2  
  138  10:07  Raven  
  138  10:08  Siege Tank  
  138  10:12  SCV  
  144  10:29  SCV x3  
  144  10:30  Missile Turret  
  144  10:31  Planetary Fortress  
  144  10:32  Missile Turret  
  147  10:36  Sensor Tower  
  147  10:38  Siege Tank  
  147  10:39  Siege Tank  
  147  10:40  Siege Tank  
  147  10:41  SCV x2  
  158  10:50  Command Center, SCV  
  158  10:54  SCV x2  
  161  11:00  Hellion x2  
  165  11:05  SCV  
  165  11:06  SCV x2  
  165  11:08  Supply Depot  
  165  11:09  Supply Depot  
  165  11:10  Refinery, Missile Turret  
  165  11:11  Siege Tank  
  171  11:14  Hellion x7, Refinery  
  171  11:15  Missile Turret  
  171  11:27  SCV x3  
  171  11:29  Siege Tank x2  
  177  11:45  SCV x4  
  177  11:46  Siege Tank  
  184  11:48  Terran Ship Weapons Level 1  
  184  11:57  SCV  
  184  11:58  Supply Depot  
  184  11:59  Supply Depot  
  185  12:02  Siege Tank  
  188  12:09  Terran Vehicle And Ship Armor Level 2, Sensor Tower  
  188  12:12  Siege Tank, Starport x2  
  188  12:13  Missile Turret  
  188  12:14  Missile Turret, Widow Mine x2  
  195  12:16  Missile Turret  
  195  12:17  Missile Turret x3  
  195  12:19  Siege Tank, Missile Turret  
  195  12:20  Building Armor  
  198  12:31  Planetary Fortress  
  198  12:52  SCV  
  198  12:53  SCV  
  200  13:04  Refinery x2, Missile Turret  
  200  13:06  Missile Turret  
  200  13:42  Terran Vehicle Weapons Level 3  
  200  13:45  Planetary Fortress  
  200  13:46  Command Center  
  187  14:24  Terran Ship Weapons Level 2  
  187  14:38  Starport Tech Lab, Starport Reactor  
  187  14:44  Refinery  
  187  14:48  Refinery, Fusion Core  
  187  14:58  Viking x3  
  190  15:02  Widow Mine x2  
  177  15:25  Hellion x3  
  160  15:32  Hellion x2  
  160  15:33  SCV, Viking  
  160  15:34  Viking x3  
  164  16:03  Hellion x5  
  162  16:24  Hellion x4  
  162  16:25  Hellion, Liberator x4  
  152  16:38  Missile Turret  
  152  16:39  SCV x2  
  154  16:40  Missile Turret  
  154  16:45  Siege Tank  
  154  16:46  Hellion, Siege Tank x2  
  177  16:47  Advanced Ballistics  
  176  17:15  Missile Turret x2  
  176  17:17  Missile Turret  
  176  17:18  Siege Tank x3  
  176  17:20  Missile Turret  
  182  17:50  SCV, Siege Tank x3  
  182  17:51  SCV x2  
  194  17:55  Widow Mine x2  
  194  17:56  Drilling Claws  
  190  18:23  Command Center  
  190  18:38  Banshee x2  
  174  18:52  Command Center  
  174  18:53  Command Center  
  148  19:44  Planetary Fortress  
  146  19:56  Hyperflight Rotors  
  146  20:00  SCV x3  
  146  20:06  Refinery  
  149  20:09  Sensor Tower  
  149  20:11  Widow Mine x3  
  155  20:28  Missile Turret  
  155  20:29  Missile Turret  
  155  20:33  Hellion  
  155  20:39  Widow Mine  
  157  20:44  Command Center, Orbital Command x2  
  157  20:46  Hellion  
  157  20:47  Hellion x3  
  157  20:49  Missile Turret, Orbital Command  
  165  20:51  Missile Turret  
  165  20:58  Cloaking Field  
  165  21:08  Hellion x5  
  175  21:15  Missile Turret  
  175  21:16  Missile Turret  
  172  21:29  Hellion x4  
  180  21:33  Viking  
  180  21:34  Viking x5  
  180  21:36  Widow Mine  
  180  21:39  Terran Vehicle And Ship Armor Level 3  
  194  21:40  Terran Ship Weapons Level 3  
  194  22:08  Cyclone x2  
  200  22:32  Command Center  
  200  22:34  Command Center  
  200  23:02  Liberator x5  
  198  23:11  Widow Mine x5  
  195  24:18  Missile Turret  
  195  24:19  Missile Turret  
  195  24:20  Missile Turret  
  195  24:31  Planetary Fortress  
  195  24:44  Widow Mine x3  
  195  24:45  Widow Mine x2  
  196  24:54  Liberator  
  196  25:01  Planetary Fortress  
  196  25:08  Missile Turret  
  196  25:10  Missile Turret x4  
  196  25:12  Missile Turret  
  199  25:14  Missile Turret  
  199  25:16  Missile Turret  
  199  25:18  Missile Turret  
  196  26:17  Sensor Tower  
  196  26:32  Refinery  
  188  27:11  Liberator x3  
  188  27:27  Siege Tank  
  196  28:36  Command Center  
  196  28:43  Command Center, Siege Tank  
  199  29:02  Liberator x2  
  199  29:15  Command Center  
  199  29:17  Command Center  
  185  29:18  Viking  
  171  31:06  Widow Mine x3  
  162  31:21  Cyclone x2  
  168  31:35  Cyclone  
  171  32:00  Cyclone x2  
  158  32:17  Hellion x3  
  164  32:27  Orbital Command  
  161  32:32  Hellion x2  
  161  32:33  Orbital Command x2  
  165  32:38  Siege Tank  
  168  32:53  Siege Tank x2  
  174  33:07  Liberator x4  
  174  33:10  Cyclone  
  177  33:19  Planetary Fortress  
  177  33:25  Cyclone x2  
  193  33:56  Raven x2  
  188  34:10  Hellion x3  
  193  34:24  Hellion x2  
  197  34:28  Refinery  
  197  34:31  Hellion x2  
  194  34:44  Orbital Command  
  194  34:45  Hellion x2  
  198  34:52  Hellion  
  200  35:23  Refinery  
  119  35:51  Siege Tank x3  
  119  35:58  Hellion x2  
  115  36:22  Liberator x3  
  115  36:23  Siege Tank, Liberator x2  
  117  36:41  Hellion x3  
  131  37:21  Siege Tank x3  
  142  37:23  Hellion x2  
  112  37:44  Hellion x2  
  114  37:53  Siege Tank x2, Widow Mine  
  103  38:05  Widow Mine  
  99  38:06  Hellion  
  99  38:22  Hellion  
  99  38:26  Hellion x2  
  105  38:27  Hellion  
  107  38:34  Hellion  
  107  38:43  Siege Tank  
  107  38:47  Siege Tank x2  
  118  38:48  Hellion  
  118  38:55  Hellion  
  117  39:10  Hellion  
  117  39:16  Hellion  
  104  39:17  Hellion  
  104  39:19  Hellion x2  
  98  39:31  Hellion  
  98  39:37  Hellion  
  102  39:38  Hellion  
  102  39:41  Command Center, Hellion x2  
  108  39:53  Hellion  
  108  39:58  Hellion  
  112  40:00  Hellion, Medivac x2  
  112  40:02  Hellion, Siege Tank  
  112  40:05  Raven  
  125  40:14  Hellion  
  125  40:20  Hellion  
  129  40:21  Hellion  
  129  40:23  Hellion  
  129  40:34  Hellion  
  125  40:35  Hellion  
  125  40:41  Hellion  
  125  40:42  Hellion  
  129  40:45  Hellion  
  131  40:55  Hellion  
  135  40:57  Hellion  
  135  41:03  Hellion  
  135  41:04  Hellion  
  139  41:06  Hellion  
Show
View Real Time Build Order
Export as new Build Order

Kinraju Terran 

Build Orders:  

Get SALT Encoding   

  12  0:01  SCV  
  13  0:15  SCV  
  13  0:19  Supply Depot  
  14  0:27  SCV  
  15  0:31  Refinery  
  15  0:40  SCV  
  16  0:49  Barracks  
  16  0:52  SCV  
  17  1:05  SCV  
  18  1:17  SCV  
  19  1:29  SCV  
  20  1:37  Marine  
  21  1:42  Orbital Command  
  21  1:46  Factory  
  21  1:48  Refinery  
  21  2:08  SCV  
  22  2:14  Barracks Reactor  
  22  2:18  Command Center  
  22  2:20  SCV  
  23  2:25  Supply Depot  
  23  2:29  Factory Tech Lab  
  23  2:49  Siege Tank  
  23  2:50  Marine x2  
  28  2:58  SCV  
  29  3:00  Engineering Bay  
  29  3:10  Marine x2  
  31  3:15  Supply Depot  
  31  3:22  Starport  
  31  3:30  Marine x2  
  31  3:31  SCV  
  34  3:37  Factory Tech Lab  
  34  3:39  Orbital Command  
  34  3:46  SCV  
  35  3:49  Missile Turret  
  35  3:56  Missile Turret  
  35  3:58  SCV  
  36  4:08  Cloaking Field  
  36  4:09  Banshee  
  39  4:15  SCV  
  39  4:16  SCV  
  41  4:22  Marine x2  
  43  4:28  Siege Tank  
  46  4:39  Marine  
  46  4:40  Marine  
  46  4:44  Barracks  
  48  4:48  SCV x2  
  48  4:49  Supply Depot  
  48  4:50  Refinery  
  50  4:55  Banshee  
  53  5:04  Marine x2  
  54  5:10  Siege Tank  
  57  5:15  SCV x2  
  59  5:30  Marine x2  
  61  5:53  Liberator  
  61  5:55  SCV  
  60  6:09  Siege Tank, Marine x2  
  55  6:14  Command Center  
  55  6:15  SCV  
  55  6:16  SCV  
  57  6:18  Barracks Tech Lab  
  57  6:19  Terran Infantry Weapons Level 1  
  57  6:27  Barracks  
  57  6:28  Barracks  
  57  6:29  SCV x2  
  57  6:30  Barracks  
  59  6:35  Marine  
  60  6:40  Stimpack  
  60  6:41  SCV x2  
  62  6:59  Supply Depot  
  62  7:02  Supply Depot x2  
  62  7:04  Supply Depot  
  62  7:06  Refinery  
  62  7:15  Barracks Reactor  
  62  7:18  SCV x2, Barracks Reactor, Siege Tank, Marine x3  
  62  7:19  Barracks Reactor  
  70  7:28  High Capacity Fuel Tanks  
  70  7:29  Medivac  
  71  7:30  SCV  
  71  7:34  Orbital Command  
  71  7:35  SCV  
  73  7:42  SCV, Marine  
  73  7:43  Marine x2  
  77  7:47  SCV  
  77  7:50  Siege Tank  
  81  7:54  SCV  
  81  7:56  Marine x6  
  87  8:00  SCV  
  87  8:02  Engineering Bay  
  88  8:06  SCV x2  
  88  8:07  Marine x2  
  88  8:08  Marine  
  93  8:13  Marine  
  93  8:18  Terran Infantry Armor Level 1  
  94  8:20  Marine  
  94  8:21  Marine  
  94  8:22  Armory  
  94  8:24  SCV  
  94  8:25  SCV  
  94  8:26  SCV  
  99  8:31  Refinery  
  99  8:35  Refinery  
  99  8:42  Marine x2  
  99  8:47  SCV x2  
  102  8:48  Marine  
  102  8:49  Marine x6  
  109  8:58  Siege Tank  
  109  9:00  Marine x2  
  109  9:02  SCV x2  
  116  9:03  SCV  
  116  9:08  Supply Depot  
  116  9:09  Supply Depot  
  117  9:10  Starport Reactor  
  117  9:14  Marine  
  118  9:18  Supply Depot  
  118  9:21  Marine x6  
  118  9:22  Missile Turret x2  
  124  9:29  Marine x2  
  124  9:30  Terran Infantry Weapons Level 2  
  125  9:31  Marine  
  125  9:32  Terran Vehicle Weapons Level 1  
  123  9:43  SCV x3  
  120  9:55  SCV x3  
  123  10:01  Marine x3  
  123  10:02  Marine  
  127  10:07  SCV x2, Marine x2  
  127  10:08  Marine x2  
  127  10:09  SCV  
  127  10:13  Supply Depot  
  134  10:18  Terran Infantry Armor Level 2  
  134  10:20  SCV  
  135  10:26  SCV x2  
  136  10:39  Marine  
  136  10:40  Marine x5  
  136  10:41  Marine x2, Marauder  
  136  10:42  Siege Tank  
  149  10:46  Medivac  
  149  10:47  Medivac  
  152  10:59  SCV x2  
  154  11:06  Marauder, Marine x4  
  154  11:07  Marine x4  
  164  11:14  SCV  
  165  11:24  Marine  
  165  11:27  SCV, Marine x2  
  165  11:29  Command Center  
  165  11:35  Marine  
  165  12:02  Terran Infantry Weapons Level 3  
  165  12:03  Terran Vehicle Weapons Level 2  
  165  12:11  Supply Depot, Siege Tank, SCV, Marine x2  
  165  12:12  Marauder  
  165  12:13  Supply Depot  
  165  12:15  Factory  
  173  12:18  Liberator  
  173  12:33  SCV, Medivac, Marine x3, Refinery, Sensor Tower, Marauder  
  173  12:35  SCV, Sensor Tower, Marine x2  
  187  12:38  Refinery  
  187  12:40  Missile Turret  
  187  12:47  Missile Turret  
  187  12:54  SCV x2  
  189  13:01  Siege Tank  
  192  13:06  Command Center, Terran Infantry Armor Level 3  
  192  13:35  SCV x3  
  192  13:41  Planetary Fortress  
  195  13:47  Sensor Tower  
  195  13:48  Command Center  
  195  13:49  Refinery  
  195  13:51  Refinery  
  195  13:52  Missile Turret  
  195  13:55  Missile Turret  
  195  13:56  Missile Turret x2  
  195  14:05  Combat Shields  
  195  14:18  Orbital Command  
  195  14:35  Sensor Tower  
  194  14:49  Starport  
  194  14:50  Starport  
  194  15:08  Liberator x2  
  179  15:23  Marauder, Marine x7  
  179  15:24  Siege Tank, Marine  
  184  15:42  Marine x2  
  182  15:43  Marine x6  
  188  15:54  Marine  
  187  16:00  Marine x3  
  187  16:01  Marine x5  
  193  16:17  Marauder  
  193  16:18  Medivac x2, Siege Tank, Marine x4  
  186  16:35  Marine x3, Liberator x2  
  186  16:36  Marine x2  
  186  16:38  Starport Tech Lab  
  188  16:40  Starport Tech Lab  
  188  16:42  Marine x3  
  188  16:43  Fusion Core, Marauder  
  193  16:48  Barracks x2  
  193  16:49  Barracks  
  193  16:53  Marine  
  199  17:18  Marine  
  197  17:24  Liberator x2  
  184  17:42  Medivac x2  
  181  18:12  Medivac  
  179  18:14  Liberator x3  
  148  18:23  Marine x2  
  148  18:24  Marine x4, Marauder  
  148  18:25  Liberator  
  154  18:56  Liberator  
  154  18:57  Advanced Ballistics  
  136  19:22  Viking x2  
  136  19:24  Thor  
  134  19:25  Viking  
  136  19:34  Marine  
  136  19:35  Marine x6  
  136  19:36  Marine  
  136  19:37  Marine  
  100  19:50  Barracks Tech Lab x3  
  100  19:52  Viking x2, Marine x2  
  101  19:53  Starport, Marine x5  
  101  19:54  Marine x2  
  101  19:55  Viking  
  101  19:56  Factory x2, Viking  
  114  20:07  Siege Tank, Missile Turret  
  114  20:10  Marine x4  
  114  20:11  Marine x3  
  114  20:12  Marine, Marauder x3  
  114  20:13  Marauder  
  133  20:22  Viking, Medivac  
  133  20:28  Marine x5  
  137  20:29  Marine x2  
  137  20:30  Marine  
  137  20:31  Medivac x2  
  137  20:33  Marauder  
  137  20:34  Marauder x3  
  157  20:39  Siege Tank  
  160  20:44  Terran Vehicle Weapons Level 3  
  160  20:46  Marine x6  
  160  20:47  Marine  
  167  20:52  Medivac  
  167  20:55  Marauder x3  
  175  21:04  Factory  
  175  21:32  Marine x3  
  172  21:33  Marine x5  
  172  21:34  Marauder x4  
  172  21:35  Siege Tank, Medivac  
  172  21:36  Medivac x2  
  196  21:50  Marine x4, Liberator x4  
  178  22:05  Marine x4, Marauder x4  
  200  22:21  Factory Tech Lab  
  200  22:22  Factory Tech Lab, Starport Reactor  
  200  22:32  Command Center  
  192  23:35  SCV x2  
  194  23:56  Terran Vehicle And Ship Armor Level 1  
  194  24:00  Planetary Fortress  
  194  24:04  Missile Turret  
  178  24:52  Siege Tank, Liberator  
  181  24:53  Siege Tank, Liberator x3  
  181  24:54  Siege Tank  
  187  25:00  Armory  
  187  25:02  Armory  
  187  25:05  Refinery  
  187  25:07  Refinery  
  178  27:53  Liberator x4  
  166  28:12  Cyclone x2  
  184  28:13  Cyclone  
  170  28:34  Marine x5, Marauder x4  
  170  28:35  Liberator, Marine x2  
  179  28:44  Cyclone  
  185  29:00  Terran Vehicle And Ship Armor Level 2  
  185  29:02  Terran Ship Weapons Level 1  
  175  29:25  Cyclone x2  
  175  29:26  Cyclone  
  177  29:39  Marine x2  
  177  29:40  Marine x5  
  177  29:41  Marauder x4  
  177  29:42  Medivac x3  
  177  29:43  Medivac  
  198  30:02  Marauder  
  194  30:09  Liberator x3  
  194  30:10  Liberator  
  194  30:37  Marine  
  194  30:38  Marine x5  
  195  30:47  Cyclone x3  
  197  30:52  Liberator  
  197  31:29  Marine x3  
  198  31:53  Liberator  
  173  32:09  Viking x2  
  173  32:14  Raven  
  177  32:23  Marauder  
  177  32:24  Cyclone  
  177  32:25  Cyclone x2  
  177  32:29  Liberator x2  
  185  32:36  Liberator  
  188  33:18  Raven  
  190  33:24  Terran Ship Weapons Level 2, Terran Vehicle And Ship Armor Level 3  
  181  33:36  Raven  
  183  33:56  Liberator x3  
  183  34:02  Liberator  
  183  34:06  Siege Tank x3  
  183  34:35  Marine x3  
  183  34:36  Marine x6  
  183  34:37  Marine x3  
  172  34:50  Liberator x4  
  178  35:32  Liberator  
  172  35:38  Marine x4  
  172  35:39  Marine x7  
  172  35:40  Marine  
  155  35:49  Siege Tank x3  
  134  35:56  Marine x5  
  134  35:57  Marine x7  
  112  36:14  Liberator x2, Marine x7  
  112  36:15  Marine x5  
  124  36:31  Marine  
  124  36:32  Marine x7  
  129  36:33  Marine x4  
  133  36:49  Marine x2  
  133  36:50  Marine x4  
  139  36:55  Liberator  
  139  36:56  Liberator  
  133  37:07  Marine x3  
  133  37:08  Marine x4  
  131  37:55  Marine x3  
  131  37:57  Marine  
  131  37:58  Marine x7  
  99  37:59  Marine  
  97  38:13  Marine x3  
  94  38:29  Marine x3  
  94  38:30  Marine x3  
  98  39:11  Marauder x2, Marine x3  
  98  39:12  Marine x2, Marauder x2  
  98  39:13  Marine  
  100  39:19  Marine x2  
  93  39:29  Marine x3  
  93  39:30  Marine x2  
  93  39:31  Marine  
  91  39:33  Marauder x2  
  91  39:34  Marauder x2  
  91  39:37  Marine x2  
  101  39:51  Orbital Command  
  101  39:58  Marine x3  
  101  39:59  Marine x5  
  109  40:00  Marauder x3  
  109  40:01  Marauder  
  117  40:16  Marine x4  
  121  40:23  Orbital Command  
  104  40:51  Marine x4  
  105  40:59  Medivac  
Tags
 
Composition
Mech
Matchup
TvT
Race
Terran
Add a new tag
Caveats
  • Supply blocks, unpowered buildings, or Contaminate may cause inaccurate times.
  • Supply counts are checked every 10 seconds.